 Dungeon Crawl Stone Soup version 0.24.1-14-gf8d2b509d9 (webtiles) character file.

Game seed: 5830098852083779770, levelgen mode: deterministic

2402 Gildeon the Sneak (level 9, -10/49 HPs)
             Began as a Deep Elf Conjurer on June 7, 2020.
             Was an Initiate of Vehumet.
             Mangled by Harold
             ... wielding a +0 mace
              (20 damage)
             ... on level 7 of the Dungeon.
             The game lasted 00:33:46 (7514 turns).

Gildeon the Sneak (Deep Elf Conjurer)               Turns: 7514, Time: 00:33:47

Health: -10/49     AC:  3    Str:  5    XL:     9   Next: 23%
Magic:  2/21       EV:  9    Int: 24    God:    Vehumet [......]
Gold:   436        SH:  0    Dex: 18    Spells: 4/22 levels left

rFire    + . .     SeeInvis .   p - +2 dagger (venom)
rCold    + . .     Gourm    .   (no shield)
rNeg     . . .     Faith    .   a - +0 robe
rPois    .         Spirit   .   (no helmet)
rElec    .         Reflect  .   F - scarf {rC+ rF+}
rCorr    .         Harm     .   (no gloves)
MR       +....                  f - +0 pair of boots {Stlth+}
Stlth    +++++.....             (no amulet)
HPRegen  0.16/turn              d - +3 ring of dexterity
MPRegen  0.17/turn              E - ring of protection from magic

@: held
A: no striking features
a: Renounce Religion


You were on level 7 of the Dungeon.
You worshipped Vehumet.
Vehumet was noncommittal.
You were not hungry.

You visited 2 branches of the dungeon, and saw 8 of its levels.

You collected 436 gold pieces.

Inventory:

Hand Weapons
 p - a +2 dagger of venom (weapon)
 u - a +2 dagger of speed
 w - a +3 dagger
 A - a +1 dagger of electrocution
 H - the cursed +1 long sword "Jila" {chaos, rN+, unknown}
   (You found it on level 6 of the Dungeon)

   Each time it hits an enemy it has a different, random effect.
   It protects you from negative energy.
   It has a curse placed upon it.
Missiles
 y - 59 poisoned darts (quivered)
Armour
 a - a +0 robe (worn)
 f - a +0 pair of boots of stealth (worn)
 F - a scarf of resistance (worn)
Jewellery
 d - a +3 ring of dexterity (left hand)
 i - an uncursed ring of resist corrosion
 z - an uncursed ring of fire
 C - an uncursed ring of ice
 E - a ring of protection from magic (right hand)
 G - an uncursed ring of ice
Wands
 K - a wand of iceblast (5)
 L - a wand of digging (4)
Scrolls
 b - 2 scrolls of teleportation {unknown}
 g - a scroll of remove curse
 m - 2 scrolls of fear
 o - 2 scrolls of magic mapping
 q - a scroll of amnesia {unknown}
 r - 3 scrolls of enchant armour {unknown}
 v - a scroll of noise {unknown}
 x - 2 scrolls of blinking {unknown}
 D - a scroll of fog {unknown}
 I - a scroll of identify
Potions
 e - 3 potions of flight {unknown}
 h - a potion of mutation {unknown}
 j - a potion of cancellation {unknown}
 k - 2 potions of lignification
 l - 2 potions of brilliance
 n - 2 potions of heal wounds
 s - 6 potions of curing
 t - 4 potions of magic
 B - a potion of degeneration {unknown}
Comestibles
 c - 9 rations
 J - 12 chunks of flesh


   Skills:
 + Level 2.6 Fighting
 - Level 3.0 Short Blades
 - Level 1.0 Throwing
 - Level 1.1 Armour
 + Level 7.1 Dodging
 + Level 7.2 Stealth
 + Level 7.1 Spellcasting
 + Level 7.1 Conjurations
 - Level 3.1 Hexes
 - Level 3.0 Translocations


You had 4 spell levels left.
You knew the following spells:

 Your Spells              Type           Power        Failure   Level  Hunger
a - Magic Dart            Conj           ####         1%          1    None
b - Searing Ray           Conj           #####.       1%          2    None
c - Dazzling Spray        Conj/Hex       ####..       2%          3    None
d - Iskenderun's Mystic   Conj           #####...     3%          4    ###....
e - Fulminant Prism       Conj/Hex       ####......   9%          4    ###....
f - Force Lance           Conj/Tloc      ####....     9%          4    ###....

Your spell library contained the following spells:

 Spells                   Type           Power        Failure   Level  Hunger


Dungeon Overview and Level Annotations

Branches:
Dungeon (7/15)             Temple (1/1) D:6

Altars:
Cheibriados
Dithmenos
Fedhas
Hepliaklqana
Kikubaaqudgha
Makhleb
Nemelex Xobeh
Qazlal
Trog
Uskayaw
Vehumet
Wu Jian
Xom
Yredelemnul
Zin

Annotations:
D:4 Sigmund
D:5 2 transporters, Mrkan's ghost, novice CeHu
D:7 Harold


Message History

The searing ray hits Harold!
Harold is severely wounded.
Harold hits you with a +0 mace!
* * * LOW HITPOINT WARNING * * *
The searing ray hits Harold!
Harold is almost dead.
The searing ray hits the howler monkey!
The howler monkey is heavily wounded.
You finish channeling your searing ray.
Casting: Searing Ray (safe; 1% risk of failure)
Confirm with . or Enter, or press ? or * to list all spells.
Aiming: Searing Ray (safe; 1% risk of failure)
Press: ? - help, Shift-Dir - straight line, f/p - Harold
Aim: Harold, wielding a +0 mace and wearing a +0 ring mail (almost dead)
The searing ray hits Harold.
Harold is almost dead. (Press . to maintain the ray.) Harold shouts, "Can you die now?
I had plans for the rest of the day!"
Harold hits you with a +0 mace!!
You die...

#.. #.# #.. #.# #..
.# #.# .. #.# #h###
#.# ... #)#
#.####.#####
#h@@......#
#.#####.##.# #.#
#.##.# #. #.##.## #
#)#...# #.#...#
##.#...####
######....>....######
.....................


You could see Harold and a howler monkey.

Vanquished Creatures
  Edmund (D:4)
  A water moccasin (D:7)
  6 ogres
  2 centaurs
  Blork the orc (D:5)
  3 bullfrogs
  A scorpion (D:6)
  2 howler monkeys
  2 crimson imps (D:5)
  3 jellies
  A quasit (D:6)
  A bullfrog zombie (D:5)
  3 hounds
  4 orc priests
  8 orc wizards
  A bullfrog skeleton (D:4)
  An iguana (D:6)
  4 worker ants
  A killer bee zombie (D:6)
  A howler monkey zombie (D:6)
  7 gnolls (D:4)
  8 adders
  An ooze (D:4)
  An adder zombie (D:6)
  4 adder skeletons
  3 worms
  2 dart slugs (D:1)
  4 leopard geckos
  24 orcs
  3 bats
  7 giant cockroaches
  7 goblins
  9 hobgoblins
  2 jackals (D:3)
  13 kobolds
  4 quokkas
  A ball python (D:2)
  17 frilled lizards
  A jackal skeleton (D:4)
  2 leopard gecko skeletons
  A quokka skeleton (D:4)
  7 rats
175 creatures vanquished.

Notes
Turn   | Place    | Note
-------+----------+-------------------------------------------
     0 | D:1      | Gildeon the Deep Elf Conjurer began the quest for the Orb.
     0 | D:1      | Reached XP level 1. HP: 10/10 MP: 6/6
    72 | D:1      | Reached XP level 2. HP: 13/15 MP: 0/8
   131 | D:1      | Learned a level 2 spell: Searing Ray
   526 | D:1      | Reached XP level 3. HP: 16/19 MP: 5/10
   531 | D:1      | Learned a level 3 spell: Dazzling Spray
  1606 | D:2      | Found a shimmering altar of Xom.
  1608 | D:2      | Found a shadowy altar of Dithmenos.
  1608 | D:2      | Found a shimmering blue altar of Sif Muna.
  1617 | D:2      | Found an ancient bone altar of Kikubaaqudgha.
  1617 | D:2      | Found a blossoming altar of Fedhas.
  1617 | D:2      | Found a glowing silver altar of Zin.
  1712 | D:2      | Reached XP level 4. HP: 24/24 MP: 6/12
  1718 | D:2      | Learned a level 4 spell: Iskenderun's Mystic Blast
  1860 | D:3      | Reached skill level 5 in Conjurations
  1929 | D:3      | Reached XP level 5. HP: 26/28 MP: 0/13
  3084 | D:4      | Noticed an ogre
  3092 | D:4      | Killed an ogre
  3092 | D:4      | Reached skill level 5 in Stealth
  3092 | D:4      | Reached skill level 5 in Spellcasting
  3092 | D:4      | Reached XP level 6. HP: 32/32 MP: 8/16
  3171 | D:4      | Learned a level 4 spell: Fulminant Prism
  3217 | D:4      | Reached skill level 5 in Dodging
  3217 | D:4      | Reached skill level 1 in Hexes
  3297 | D:4      | Reached skill level 1 in Fighting
  3310 | D:4      | Reached XP level 7. HP: 19/38 MP: 1/17
  3610 | D:4      | Reached skill level 1 in Short Blades
  4009 | D:4      | Learned a level 4 spell: Force Lance
  4259 | D:4      | Noticed Sigmund
  4272 | D:4      | Noticed Edmund
  4276 | D:4      | Killed Edmund
  4528 | D:5      | Entered Level 5 of the Dungeon
  4546 | D:5      | Reached skill level 1 in Throwing
  4546 | D:5      | Reached skill level 1 in Translocations
  4646 | D:5      | Reached XP level 8. HP: 34/44 MP: 5/19
  4828 | D:5      | Found a transporter.
  4828 | D:5      | Found a transporter.
  4894 | D:5      | Noticed Blork the orc
  5180 | D:5      | Noticed a hornet
  5182 | D:5      | Found an ornate altar of the Wu Jian Council.
  5196 | D:5      | Noticed Mrkan's ghost (novice CeHu)
  5572 | D:5      | Killed Blork the orc
  6062 | D:6      | Found a staircase to the Ecumenical Temple.
  6101 | Temple   | Entered the Ecumenical Temple
  6301 | Temple   | Became a worshipper of Vehumet
  6948 | D:6      | Got an iridescent long sword
  7003 | D:7      | Noticed Harold
  7021 | D:7      | Reached XP level 9. HP: 43/48 MP: 17/21
  7098 | D:7      | Reached skill level 1 in Armour
  7514 | D:7      | Mangled by Harold

Levels and vault maps discovered:
D:1:      saegor_arrival_simple_e, layout_loops_ring, kennysheep_flooded_box,
          minmay_lizard_king
D:2:      layout_rooms, doesnt_xom_only_xom
D:3:      layout_basic, first_ration, minmay_goblin_kobold_house
D:4:      layout_loops_ring, sigmund_edmund_badplayer
D:5:      layout_cave_pods, nicolae_overflow_hidden_temple,
          gammafunk_ghost_hive, minmay_divided_ellipse, uniq_blork_the_orc,
          uniq_edmund
D:6:      layout_gridville, minmay_temple_entry_crystal_x
D:7:      layout_loops_ring, uniq_harold
Temple:   nicolae_temple_figure_eight

Skill      XL: |  1  2  3  4  5  6  7  8  9 |
---------------+----------------------------+-----
Stealth        | 3 4 5 7 |  7.2
Dodging        | 3 4 5 7 |  7.1
Spellcasting   | 4 5 6 7 |  7.1
Conjurations   | 5 7 |  7.1
Hexes          | 2 3 |  3.1
Fighting       | 1 2 |  2.6
Short Blades   | 2 3 |  3.0
Throwing       | 1 |  1.0
Translocations | 1 2 3 |  3.0
Armour         | 1 |  1.1

Action                   |  1- 3 |  4- 6 |  7- 9 || total
-------------------------+-------+-------+-------++-------
Melee: Unarmed           |     1 |       |       ||     1
       Dagger            |     7 |    25 |    83 ||   115
Throw: Dart              |       |     2 |    28 ||    30
 Cast: Magic Dart        |   100 |    77 |   107 ||   284
       Searing Ray       |       |     5 |    25 ||    30
       Iskenderun's Myst |       |       |     7 ||     7
       Dazzling Spray    |       |       |     6 ||     6
  Use: Scroll            |     3 |     4 |     4 ||    11
       Potion            |       |       |     2 ||     2
 Stab: Sleeping          |     2 |     4 |    14 ||    20
  Eat: Chunk             |     2 |     5 |    14 ||    21
Armor: Robe              |     3 |     7 |    16 ||    26
Dodge: Dodged            |    10 |    28 |   121 ||   159
